General information
- name: snakes
- type: Custom game
- host: Mata.
- saver: Mata.
map: EchoIsles
- players: 2
- length: 15:12
- speed: Fast
- version: 1.21 W3XP
- replay type:

» download(64 KB)
Players
team 1 (winner)
Mata. (
green | 196 APM | 2979 actions | 15:12)
4 Demon Hunter
2 Mana Burn
2 Evasion
4 Naga Sea Witch
2 Frost Arrows
2 Forked Lightning
» actions
| Assign group hotkey | 335 | |
| Build / train | 35 | |
| ESC pressed | 1 | |
| Enter build submenu | 12 | |
| Enter hero's abilities submenu | 8 | |
| Right click | 1658 | |
| Select / deselect | 622 | |
| Select group hotkey | 236 | |
| Use ability | 72 | |
2979 total
» units
» buildings
| Altar of Elders | 1 | |
| Moon Well | 5 | |
| Ancient of War | 1 | |
| Tree of Ages | 2 | |
| Hunter's Hall | 1 | |
| Ancient of Lore | 3 | |
13 total
» build order
00:02 Altar of Elders
00:16 Moon Well
01:02 Ancient of War
01:33 Moon Well
02:39 Tree of Ages
02:39 Tree of Ages
05:17 Hunter's Hall
07:04 Ancient of Lore
07:42 Ancient of Lore
07:43 Ancient of Lore
08:18 Moon Well
08:18 Moon Well
08:19 Moon Well
team 2 (loser)
i_steal_bikes (
brown | 92 APM | 1392 actions | 15:11)
3 Archmage
2 Summon Water Elemental
1 Brilliance Aura
1 Pandaren Brewmaster
1 Breath of Fire
» actions
| Assign group hotkey | 42 | |
| Basic commands | 35 | |
| Build / train | 62 | |
| ESC pressed | 5 | |
| Enter build submenu | 24 | |
| Enter hero's abilities submenu | 4 | |
| Right click | 599 | |
| Select / deselect | 335 | |
| Select group hotkey | 220 | |
| Use ability | 66 | |
1392 total
» units
» upgrades
» buildings
| Altar of Kings | 1 | |
| Barracks | 1 | |
| Farm | 4 | |
| Lumber Mill | 1 | |
| Scout Tower | 11 | |
| Guard Tower | 10 | |
| Keep | 1 | |
| Blacksmith | 1 | |
| Arcane Sanctum | 1 | |
31 total
» build order
00:02 Altar of Kings
00:19 Barracks
00:34 Farm
00:51 Farm
01:52 Farm
02:29 Lumber Mill
02:57 Farm
03:42 Scout Tower
03:43 Scout Tower
04:08 Guard Tower
04:09 Scout Tower
04:10 Guard Tower
04:12 Scout Tower
04:13 Scout Tower
04:39 Guard Tower
05:16 Guard Tower
05:17 Scout Tower
05:29 Guard Tower
05:30 Scout Tower
05:53 Guard Tower
05:55 Scout Tower
06:20 Guard Tower
06:47 Scout Tower
06:54 Scout Tower
07:17 Guard Tower
07:23 Guard Tower
09:41 Keep
10:37 Blacksmith
12:17 Scout Tower
12:49 Arcane Sanctum
12:58 Guard Tower
Chat log
(00:05 / All) Mata.: gl hf
(00:09 / All) i_steal_bikes: gg gl
(15:03 / All) i_steal_bikes: nerf DH, all i have to say
(15:09 / All) i_steal_bikes: u got lucky